 Dungeon Crawl Stone Soup version 0.30-a0-335-ge5acde7520 (webtiles) character file.

Game seed: 5365473631242152782

78750 orus the Blocker (level 15, -6/81 HPs)
             Began as a Vine Stalker Fighter on Oct 30, 2022.
             Was the Champion of Qazlal.
             Killed from afar by an ice dragon (26 damage)
             ... with a blast of cold
             ... on level 5 of the Lair of Beasts.
             The game lasted 00:43:51 (18720 turns).

orus the Blocker (Vine Stalker Fighter)            Turns: 18720, Time: 00:43:52

Health: -6/81      AC: 33    Str: 25    XL:     15   Next: 61%
Magic:  0/16       EV:  7    Int:  8    God:    Qazlal [******]
Gold:   997        SH: 28    Dex: 21    Spells: 14/14 levels left

rFire   + . .      SeeInvis +    H - +2 short sword (protect)
rCold   . . .      Faith    .    K - +0 tower shield
rNeg    . . .      Spirit   +    L - +0 plate armour
rPois   .          Reflect  .    V - +2 helmet
rElec   .          Harm     .    (no cloak)
rCorr   .          Rampage  .    y - +1 pair of gloves
Will    +....                    x - +0 pair of boots of Gozag's Fury {SInv}
Stlth   ..........               t - amulet of regeneration
HPRegen 1.93/turn                X - ring of protection from fire
MPRegen 0.15/turn                s - +6 ring of strength

@: about to teleport, protected from physical damage, under a protective aura,
repel missiles
A: fangs 3, regeneration 1, magic shield, antimagic bite, no potion heal 2
a: Renounce Religion, Upheaval, Elemental Force, Disaster Area


You were on level 5 of the Lair of Beasts.
You worshipped Qazlal.
Qazlal was exalted by your worship.
You visited 3 branches of the dungeon, and saw 21 of its levels.
You also visited: Ossuary.

You collected 1297 gold pieces.
You spent 300 gold pieces at shops.

Inventory:

Hand Weapons
 e - a +1 dagger of speed
 B - a +1 dagger of holy wrath
 H - a +2 short sword of protection (weapon)
 T - a +4 dagger of chaos
Armour
 x - the +0 pair of boots of Gozag's Fury (worn) {SInv}
   (You found it on level 4 of the Dungeon)

   SInv:      It lets you see invisible.
 y - a +1 pair of gloves (worn)
 K - a +0 tower shield (worn)
 L - a +0 plate armour (worn)
 V - a +2 helmet (worn)
Jewellery
 f - a ring of wizardry
 o - a ring of ice
 s - a +6 ring of strength (right hand)
 t - an amulet of regeneration (around neck)
 S - an amulet of the acrobat
 X - a ring of protection from fire (left hand)
Wands
 b - a wand of mindburst (48)
 D - a wand of polymorph (2)
 G - a wand of flame (23)
 P - a wand of digging (8)
 R - a wand of roots (11)
 W - a wand of paralysis (4)
Scrolls
 a - a scroll of acquirement {unknown}
 g - 3 scrolls of fog
 h - 3 scrolls of noise
 i - 12 scrolls of teleportation
 k - 2 scrolls of blinking
 l - 6 scrolls of enchant weapon
 n - a scroll of vulnerability {unknown}
 p - 2 scrolls of summoning {unknown}
 r - 2 scrolls of immolation {unknown}
 v - 5 scrolls of poison
 F - a scroll of amnesia {unknown}
 I - 5 scrolls of enchant armour
 M - 4 scrolls of magic mapping
 N - a scroll of torment {unknown}
 O - 3 scrolls of fear
 Q - a scroll of brand weapon {unknown}
Potions
 c - 4 potions of brilliance
 d - 3 potions of cancellation
 j - 3 potions of haste
 m - a potion of mutation {unknown}
 q - 2 potions of resistance
 u - 5 potions of attraction
 w - 12 potions of curing
 z - a potion of invisibility
 A - 2 potions of flight
 C - 4 potions of might
 E - 2 potions of ambrosia
 J - 7 potions of lignification
 U - a potion of magic


   Skills:
 * Level 10.4 Fighting
 * Level 11.7 Short Blades
 * Level 12.2 Armour
 + Level 3.1 Dodging
 + Level 5.3 Stealth
 * Level 14.8 Shields
 + Level 1.3 Unarmed Combat
 + Level 1.1 Evocations


You had 14 spell levels left.
You didn't know any spells.
Your spell library contained the following spells:

 Spells                   Type           Power      Damage    Failure   Level
 Foxfire                  Conj/Fire      0%         2x1d4     100%        1
 Magic Dart               Conj           0%         1d3       100%        1
 Sandblast                Erth           0%         2d4       100%        1
 Call Imp                 Summ           0%         N/A       100%        2
 Passwall                 Tmut/Erth      0%         N/A       100%        2
 Mephitic Cloud           Conj/Pois/Air  0%         N/A       100%        3
 Stone Arrow              Conj/Erth      0%         3d7       100%        3
 Tukima's Dance           Hex            0%         N/A       100%        3
 Animate Armour           Summ/Erth      0%         N/A       100%        4
 Animate Dead             Necr           0%         N/A       100%        4
 Passage of Golubria      Tloc           0%         N/A       100%        4
 Borgnjor's Vile Clutch   Necr/Erth      0%         N/A       100%        5
 Fireball                 Conj/Fire      0%         3d3       100%        5
 Freezing Cloud           Conj/Ice/Air   0%         6-21      100%        5
 Yara's Violent Unravell  Hex/Tmut       0%         3d3       100%        5
 Death Channel            Necr           0%         N/A       100%        6
 Simulacrum               Ice/Necr       0%         N/A       100%        6
 Starburst                Conj/Fire      0%         6d3       100%        6
 Malign Gateway           Summ/Tloc      0%         N/A       100%        7
 Lehudib's Crystal Spear  Conj/Erth      0%         10d2      100%        8
 Summon Horrible Things   Summ           0%         N/A       100%        8
 Polar Vortex             Ice            0%         N/A       100%        9


Dungeon Overview and Level Annotations

Branches:
Dungeon (15/15)            Temple (1/1) D:6            Lair (5/5) D:9
  Swamp (0/4) Lair:2       Spider (0/4) Lair:2        Slime (0/5) Lair:4
    Orc (0/2) D:11         Vaults (0/5) D:14        Ossuary (visited)
 Depths: D:15

Altars:
Ashenzari
Cheibriados
Dithmenos
Elyvilon
Fedhas
Gozag
Hepliaklqana
Kikubaaqudgha
Makhleb
Nemelex Xobeh
Okawaru
Qazlal
Ru
Sif Muna
Trog
Uskayaw
Vehumet
Wu Jian
Xom
Yredelemnul
Zin
The Shining One

Shops:
D:5 :=

Portals:
Abyss: D:4

Annotations:
D:4 2 transporters, Nebesus's ghost, weakling AtFi
D:9 1 runed translucent door
Lair:1 2 runed translucent doors, Iniclolu's ghost, journeyman DsWn
Lair:5 2 runed translucent doors


Innate Abilities, Weirdness & Mutations

You have razor-sharp teeth.
Your natural rate of healing is unusually fast.
When hurt, damage is shared between your health and your magic reserves.
Your bite disrupts and absorbs the magic of your enemies.
Potions cannot restore your health.


Message History

You block the ice dragon's attack. x2
You hit the ice dragon but do no damage.
You bite the ice dragon! You drain its power.
You feel invigorated.
The ice dragon is moderately wounded.
The ice dragon breathes frost at you. The blast of cold hits you!!
You feel protected from cold.
* * * LOW HITPOINT WARNING * * *
Unknown command.
As you read the scroll of teleportation, it crumbles to dust.
You feel strangely unstable.
The ice dragon bites you but does no damage.
You block the ice dragon's attack. x2
Unknown command.
Unknown command.
Unknown command.
You hit the ice dragon. You bite the ice dragon. You drain its power.
You feel invigorated.
The ice dragon is heavily wounded.
You hit the ice dragon. Your bite misses the ice dragon.
The ice dragon is heavily wounded.
The ice dragon bites you but does no damage.
You block the ice dragon's attack. The ice dragon tramples you.
* * * LOW HITPOINT WARNING * * *
Your resistance to cold fades away.
You feel protected from physical attacks.
You hold your ground!
You hit the ice dragon but do no damage.
The ice dragon is heavily wounded.
You block the ice dragon's attack. The ice dragon claws you!
* * * LOW HITPOINT WARNING * * *
You feel more protected from physical attacks.
You block the ice dragon's attack.
Unknown command.
You hit the ice dragon but do no damage.
You bite the ice dragon. You drain its power.
You feel invigorated.
The ice dragon is heavily wounded.
The ice dragon breathes frost at you. The blast of cold hits you!!!
You die...

###......P#
.##P.....###
..#).......# *##
####......## *#.#
##........## ##.###
##....#...#.####.#..#
#.....P...........#,*
.............####.#**
............####@##
.........!..# #D##
....#.#†P...# ##†#
..####).....# *h#*
..P####....P#***hY*
#.###.#.....#*,,.##
### ##.....P#**,.?**
#......##*,,..,*
###..#.P#*,,..,*


You could see an ice dragon (catching breath).

Vanquished Creatures
  Frances (D:14)
  A fire giant (D:14)
  4 vault guards
  A hydra (Lair:2)
  An ogre mage (D:14)
  A catoblepas (D:13)
  A boulder beetle (D:11)
  3 centaur warriors
  10 two-headed ogres
  A death yak (Lair:3)
  5 tengu warriors
  A fire crab (Lair:5)
  7 skeletal warriors
  2 deep elf archers (D:14)
  A deep elf zephyrmancer (D:14)
  Pikel (D:5)
  4 orc knights (D:14)
  5 deep elf pyromancers
  An orc sorcerer (D:14)
  An oklob plant (Lair:4)
  7 ugly things
  4 cyclopes (D:14)
  A manticore (D:11)
  7 elephants (Lair:4)
  A water nymph (shapeshifter) (D:13)
  9 black mambas
  3 molten gargoyles (Lair:5)
  2 torpor snails
  A gargoyle (D:12)
  Psyche (D:10)
  9 cane toads
  A freezing wraith (D:14)
  5 rime drakes
  4 kobold demonologists
  6 tengu conjurers
  11 komodo dragons
  3 burning bushes (Lair:5)
  3 polar bears
  A hornet (shapeshifter) (D:14)
  2 tyrant leeches (Lair:2)
  9 trolls
  11 blink frogs
  A raiju (D:14)
  13 dream sheep
  2 wraiths
  3 wyverns (Lair:5)
  44 yaks
  12 humans
  A yak (shapeshifter) (D:13)
  7 basilisks
  2 redbacks (Lair:2)
  A steam dragon (D:7)
  12 wargs (D:14)
  4 acid dragons
  6 water moccasins
  8 hell hounds
  A black bear (D:9)
  2 sky beasts
  4 orc warriors
  12 wolves
  2 ogres
  8 centaurs
  2 lemures (D:4)
  2 elf zombies (Ossuary)
  13 bullfrogs
  4 kobold brigands
  7 scorpions
  12 wights
  18 killer bees
  5 electric eels
  2 howler monkeys (D:11)
  2 centaur zombies (Ossuary)
  4 lava snakes (Lair:5)
  9 hounds
  2 human zombies (Ossuary)
  5 orc priests
  2 gnoll boudas
  Jessica (D:7)
  Ijyb (D:7)
  4 iguanas
  7 orc wizards
  7 hell rats (Lair:4)
  Natasha (thrice) (D:3)
  2 mummies (Ossuary)
  8 adders
  8 gnolls
  A shadow imp (D:6)
  4 white imps
  An ufetubus (D:7)
  5 dart slugs
  33 orcs
  5 ball pythons
  12 endoplasms
  3 giant cockroaches
  5 goblins
  5 hobgoblins
  7 jackals
  5 quokkas
  6 bats
  6 frilled lizards
  3 goblin zombies
  10 hobgoblin zombies (Ossuary)
  2 jackal zombies (Ossuary)
  12 kobolds
  10 kobold zombies (Ossuary)
  7 orc zombies (Ossuary)
  5 rats
  A rat zombie (D:5)
576 creatures vanquished.

Vanquished Creatures (others)
  A vault guard (D:14)
  A cyclops (D:14)
  A black mamba (Lair:5)
  18 fungi
  18 plants
39 creatures vanquished.

Grand Total: 615 creatures vanquished

Notes
Turn   | Place    | Note
-------+----------+-------------------------------------------
     0 | D:1      | orus the Vine Stalker Fighter began the quest for the Orb.
     0 | D:1      | Reached XP level 1. HP: 11/11 MP: 2/2
    88 | D:1      | Reached XP level 2. HP: 16/16 MP: 1/3
   271 | D:1      | Reached skill level 3 in Shields
   271 | D:1      | Reached XP level 3. HP: 17/20 MP: 4/4
   784 | D:2      | Gained mutation: Your natural rate of healing is unusually
                  | fast. [Vine Stalker growth]
   784 | D:2      | Reached XP level 4. HP: 23/24 MP: 5/5
  1564 | D:3      | Reached XP level 5. HP: 23/28 MP: 3/6
  1630 | D:3      | Noticed Natasha
  1639 | D:3      | Killed Natasha
  1870 | D:3      | Noticed Natasha
  1888 | D:3      | Killed Natasha
  2252 | D:3      | Noticed Natasha
  2268 | D:3      | Killed Natasha
  2269 | D:3      | Reached XP level 6. HP: 29/32 MP: 7/7
  2396 | D:4      | Found a transporter.
  2437 | D:4      | Found a transporter.
  2507 | D:4      | Reached skill level 1 in Dodging
  2522 | D:4      | Reached XP level 7. HP: 37/37 MP: 8/8
  2546 | D:4      | Found a one-way gate to the infinite horrors of the Abyss.
  2588 | D:4      | Noticed Nebesus's ghost (weakling AtFi)
  2606 | D:4      | Found a radiant altar of Vehumet.
  2819 | D:4      | Found a burning altar of Makhleb.
  2855 | D:4      | Identified the +0 pair of boots of Gozag's Fury {SInv}
  2858 | D:4      | Found a snail-covered altar of Cheibriados.
  2918 | D:5      | Entered Level 5 of the Dungeon
  3116 | D:5      | Found Wecaej's Book Shop.
  3274 | D:5      | Noticed Pikel
  3289 | D:5      | Killed Pikel
  3290 | D:5      | Reached skill level 5 in Short Blades
  3290 | D:5      | Reached skill level 4 in Shields
  3290 | D:5      | Gained mutation: You have razor-sharp teeth. [Vine Stalker
                  | growth]
  3290 | D:5      | Reached XP level 8. HP: 13/42 MP: 9/9
  3324 | D:5      | Found Rimmoibb's Jewellery Emporium.
  3328 | D:5      | Bought an amulet of regeneration for 300 gold pieces
  3376 | D:5      | Found a sand-covered staircase.
  3387 | Ossuary  | Entered an ossuary
  3544 | Ossuary  | Reached skill level 5 in Armour
  3706 | D:5      | Reached skill level 5 in Fighting
  4201 | D:6      | Reached XP level 9. HP: 47/47 MP: 10/10
  4715 | D:6      | Reached skill level 1 in Stealth
  4715 | D:6      | Reached skill level 5 in Shields
  4816 | D:6      | Found a staircase to the Ecumenical Temple.
  5132 | Temple   | Entered the Ecumenical Temple
  5156 | Temple   | Became a worshipper of Qazlal Stormbringer
  5291 | D:6      | Found a sacrificial altar of Ru.
  5578 | D:7      | Noticed Jessica
  5578 | D:7      | Noticed Ijyb
  5687 | D:7      | Reached XP level 10. HP: 53/53 MP: 11/11
  5719 | D:7      | Killed Ijyb
  5736 | D:7      | Killed Jessica
  5946 | D:7      | Reached * piety under Qazlal
  6041 | D:7      | Reached skill level 6 in Shields
  6206 | D:7      | Found a bloodstained altar of Trog.
  6380 | D:7      | Found a white marble altar of Elyvilon.
  6422 | D:7      | Reached skill level 1 in Unarmed Combat
  6855 | D:8      | Noticed a centaur warrior
  6869 | D:8      | Killed a centaur warrior
  6873 | D:8      | Noticed a two-headed ogre
  6911 | D:8      | Killed a two-headed ogre
  6912 | D:8      | Reached XP level 11. HP: 33/58 MP: 12/12
  6984 | D:8      | Found a shimmering altar of Xom.
  6985 | D:8      | Found a shimmering altar of Xom.
  6985 | D:8      | Found a shimmering altar of Xom.
  6985 | D:8      | Found a shimmering altar of Xom.
  6985 | D:8      | Found a shimmering altar of Xom.
  6985 | D:8      | Found a shimmering altar of Xom.
  6985 | D:8      | Found a shimmering altar of Xom.
  7468 | D:9      | Found an ancient bone altar of Kikubaaqudgha.
  7608 | D:9      | Reached ** piety under Qazlal
  7879 | D:9      | Reached skill level 7 in Shields
  7883 | D:9      | Found a runed translucent door.
  7896 | D:9      | Found a basalt altar of Yredelemnul.
  8029 | D:9      | Noticed a two-headed ogre
  8035 | D:9      | Killed a two-headed ogre
  8222 | D:9      | Found a staircase to the Lair.
  8471 | D:10     | Entered Level 10 of the Dungeon
  8608 | D:10     | Noticed a two-headed ogre
  8622 | D:10     | Killed a two-headed ogre
  8744 | D:10     | Reached *** piety under Qazlal
  8808 | D:10     | Noticed Psyche
  8815 | D:10     | Killed Psyche
  8839 | D:10     | Found a shimmering blue altar of Sif Muna.
  9104 | D:11     | Found a staircase to the Orcish Mines.
  9291 | D:11     | Noticed a two-headed ogre
  9298 | D:11     | Killed a two-headed ogre
  9299 | D:11     | Reached XP level 12. HP: 64/64 MP: 13/13
  9430 | D:11     | Noticed a boulder beetle
  9440 | D:11     | Reached skill level 10 in Short Blades
  9462 | D:11     | Killed a boulder beetle
  9970 | D:12     | Noticed a two-headed ogre
  9985 | D:12     | Reached skill level 8 in Shields
 10002 | D:12     | Killed a two-headed ogre
 10071 | D:12     | Noticed a two-headed ogre
 10085 | D:12     | Killed a two-headed ogre
 10385 | D:13     | Noticed a centaur warrior
 10672 | D:13     | Killed a centaur warrior
 10710 | D:13     | Noticed a catoblepas
 10755 | D:13     | Killed a catoblepas
 10756 | D:13     | Reached skill level 10 in Armour
 10823 | D:13     | Reached skill level 9 in Shields
 11068 | D:13     | Noticed a centaur warrior
 11088 | D:13     | Killed a centaur warrior
 11195 | D:12     | Reached **** piety under Qazlal
 11289 | D:13     | Reached XP level 13. HP: 57/69 MP: 10/14
 11352 | D:13     | Reached skill level 1 in Evocations
 11558 | D:13     | Reached skill level 10 in Shields
 11776 | D:13     | Reached skill level 5 in Stealth
 11944 | D:14     | Killed a vault guard
 12080 | D:14     | Found a radiant altar of Vehumet.
 12238 | D:14     | Noticed Frances
 12746 | D:14     | Noticed a fire giant
 12752 | D:14     | Killed Frances
 12755 | D:14     | Reached skill level 11 in Shields
 12882 | D:14     | Reached ***** piety under Qazlal
 13141 | D:14     | Killed a fire giant
 13142 | D:14     | Reached XP level 14. HP: 33/75 MP: 9/15
 13302 | D:14     | Paralysed by an ogre mage for 5 turns
 13309 | D:14     | Reached skill level 12 in Shields
 13853 | D:14     | Found a gate to the Vaults.
 14295 | D:15     | Entered Level 15 of the Dungeon
 14438 | Lair:1   | Entered Level 1 of the Lair of Beasts
 14474 | Lair:1   | Found a large runed translucent door.
 14474 | Lair:1   | Found a large runed translucent door.
 14583 | Lair:1   | Noticed Iniclolu's ghost (journeyman DsWn)
 14693 | Lair:1   | Found a broken altar of Ashenzari.
 15381 | Lair:2   | Reached skill level 13 in Shields
 15650 | Lair:2   | Found a staircase to the Swamp.
 15784 | Lair:2   | Found a hole to the Spider Nest.
 15979 | Lair:2   | Identified the +7 scimitar of Voracious Valiance {vorpal,
                  | rPois}
 16928 | Lair:4   | Reached skill level 10 in Fighting
 16964 | Lair:4   | Found a staircase to the Slime Pits.
 17083 | Lair:4   | Reached XP level 15. HP: 77/80 MP: 14/16
 17227 | Lair:4   | Found a hazy altar of Hepliaklqana.
 17313 | Lair:4   | Reached ****** piety under Qazlal
 17380 | Lair:4   | Reached skill level 14 in Shields
 17720 | Lair:5   | Entered Level 5 of the Lair of Beasts
 17747 | Lair:4   | HP: 3/78 [poisoned by a cane toad]
 18338 | Lair:5   | Found a large runed translucent door.
 18338 | Lair:5   | Found a large runed translucent door.
 18720 | Lair:5   | Killed from afar by an ice dragon

Illustrated notes

Levels and vault maps discovered:
D:1:      matt_arrival_los_fun, layout_rooms, minmay_tromino_i2
D:2:      layout_basic
D:3:      layout_basic, uniq_natasha
D:4:      layout_basic, mainiacjoe_overflow_cross_hatched,
          mainiacjoe_overflow_two_lobes, gammafunk_ghost_abyssal_escape
D:5:      layout_cave_pools, serial_gnoll_camp, gnoll_camp_mini_basic,
          gnoll_camp_mini_shop, gnoll_camp_mini_shop, gnoll_camp_mini_loothouse,
          enter_ossuary_3, kennysheep_generic_room_7, uniq_pikel
D:6:      layout_layer_cave, nicolae_ru_great_annihilating_truth,
          minmay_temple_entry_mist, roderic_roman_lattice
D:7:      erik_cavepeople, layout_basic, mainiacjoe_overflow_alcove_2,
          elyvilon_altar_3
D:8:      minmay_ornate_pinched, layout_cave_pools, xom_shifter_show
D:9:      layout_roguey, mainiacjoe_overflow_paths, dk_yredelemnul_ordeal,
          grunt_lair_entry_orc_guard_hut, kennysheep_opposing_triangles
D:10:     layout_rooms, kennysheep_mini_moat, uniq_psyche
D:11:     layout_stronghold, orc_0_dummy, minmay_fire_ice_demons
D:12:     layout_rooms, disabler_island
D:13:     layout_irregular_city
D:14:     lemuel_castle_with_subvaults [lemuel_castle_interior_carwin_2],
          layout_stronghold, ximxim_vaults_locker_room,
          minmay_misc_feat_more_columns, vehumet_crystals, uniq_frances
D:15:     grunt_enter_depths_snipers, layout_irregular_city, fountainhead,
          gammafunk_ghost_split, drop_trap, minmay_sticks_and_stones
Temple:   pdpol_scorched_temple
Lair:1:   layout_loops_ring, ebering_ghost_disaster_area, basic_altar
Lair:2:   layout_chaotic_city, minmay_swamp_entry_worms, spider_nest_entry_webs
Lair:3:   layout_gridlike
Lair:4:   layout_gridlike, slime_entry_1, lemuel_oklob_altar
Lair:5:   cheibrodos_lair_end_hotspot, layout_misc_corridors,
          portal_ice_cave_entry_animals_and_master, evilmike_ambush
          [evilmike_ambush_outer_basic, evilmike_ambush_inner_basic]

Skill      XL: |  1  2  3  4  5  6  7  8  9 10 11 12 13 14 15 |
---------------+----------------------------------------------+-----
Fighting       | 3 4 5 6 7 8 9 10 | 10.4
Short Blades   | 2 3 4 5 7 8 9 10 11 | 11.7
Shields        | 3 4 5 6 7 9 11 13 14 | 14.8
Armour         | 3 4 5 6 7 9 10 11 12 | 12.2
Dodging        | 1 2 3 |  3.1
Stealth        | 2 3 4 5 |  5.3
Unarmed Combat | 1 |  1.3
Evocations     | 1 |  1.1

Action                   |  1- 3 |  4- 6 |  7- 9 | 10-12 | 13-15 || total
-------------------------+-------+-------+-------+-------+-------++-------
Melee: Rapier            |    17 |       |       |       |       ||    17
       Bite              |    31 |    72 |   253 |   522 |   921 ||  1799
       Dagger            |    92 |   222 |   659 |  1193 |   659 ||  2825
       Unarmed           |       |       |       |    19 |       ||    19
       Short sword       |       |       |       |       |  1280 ||  1280
Evoke: Wand              |       |       |       |    14 |     3 ||    17
  Use: Potion            |       |       |     1 |     2 |     1 ||     4
       Scroll            |       |       |       |       |    30 ||    30
 Stab: Paralysed         |       |       |     1 |       |       ||     1
       Confused          |       |       |       |     1 |       ||     1
       Invisible         |       |       |       |    10 |     5 ||    15
Armor: Scale mail        |    40 |    20 |       |       |       ||    60
       Chain mail        |       |    54 |   198 |    57 |       ||   309
       Skin              |       |       |       |     2 |       ||     2
       Plate armour      |       |       |       |   256 |   556 ||   812
Dodge: Dodged            |    29 |    50 |   154 |   218 |   226 ||   677
       Repelled          |       |       |       |       |    14 ||    14
Block: Buckler           |    20 |    36 |   114 |   306 |   395 ||   871
       Tower shield      |       |       |       |       |  1040 ||  1040

Table legend: (Time is in decaauts)
 A = Elapsed time spent in this place.
 B = Non-inter-level travel time spent in this place.
 C = Inter-level travel time spent in this place.
 D = Time resting spent in this place.
 E = Time spent auto-exploring this place.
 F = Levels seen in this place.
 G = Mean time per level.
                   A        B        C        D        E       F      G
               +--------+--------+--------+--------+--------+-----+--------+
         Total |  16835 |  16174 |    661 |    695 |  10925 |  22 |  765.2 |
       Dungeon |  12514 |  11970 |    544 |    553 |   8190 |  15 |  834.3 |
        Temple |     34 |     24 |     10 |      0 |     13 |   1 |   34.0 |
          Lair |   4057 |   3950 |    107 |    142 |   2643 |   5 |  811.4 |
       Ossuary |    229 |    229 |      0 |      0 |     78 |   1 |  229.0 |
               +--------+--------+--------+--------+--------+-----+--------+

Top non-repeatable levels by time:
    D:14: 2004 daAuts
     D:6: 1464 daAuts
    D:13: 1093 daAuts
     D:7: 1068 daAuts
  Lair:4: 1015 daAuts
    D:11: 892 daAuts
     D:9: 882 daAuts
     D:2: 868 daAuts
  Lair:1: 819 daAuts
  Lair:3: 818 daAuts
  Lair:2: 771 daAuts
     D:3: 763 daAuts
     D:5: 634 daAuts
  Lair:5: 633 daAuts
     D:4: 625 daAuts
